 Dungeon Crawl Stone Soup version 0.19-a0-975-gfff5315 (webtiles) character file.

74 4thArraOfDagon the Bolt Thrower (level 4, -1/32 HPs)
             Began as a Mummy Arcane Marksman on July 13, 2016.
             Slain by an orc wizard
             ... wielding a +0 dagger
              (2 damage)
             ... on level 4 of the Dungeon.
             The game lasted 00:01:41 (296 turns).

4thArraOfDagon the Bolt Thrower (MuAM)               Turns: 296, Time: 00:01:42

Health: -1/32      AC:  2    Str: 14    XL:     4   Next: 10%
Magic:  5/5        EV: 12    Int: 13    God:
Gold:   7          SH:  0    Dex: 11    Spells: 1 memorised, 4 levels left

rFire  x . .     SeeInvis .     a - +0 hand crossbow
rCold  + . .     Gourm    .     e - +0 robe
rNeg   + + +     Faith    .     (no shield)
rPois  ∞         Spirit   .     (no helmet)
rElec  .         Dismiss  .     (no cloak)
rCorr  .         Reflect  .     (no gloves)
SustAt .         Harm     .     (no boots)
MR     .....                    (no amulet)
Stlth  +.........               (no ring)
                                (no ring)

@: not resistant to hostile enchantments, very unstealthy
A: no food or potions, fire vulnerability, cold resistance 1, negative energy
resistance 3, torment resistance, unbreathing
a: no special abilities


You were on level 4 of the Dungeon.
You were not hungry.

You visited 1 branch of the dungeon, and saw 4 of its levels.

You collected 7 gold pieces.

Inventory:

Hand Weapons
 a - a +0 hand crossbow (weapon)
 b - a +0 dagger
Missiles
 d - 32 bolts (quivered)
Armour
 e - a +0 robe (worn)
Scrolls
 f - a scroll of remove curse {unknown}
Books
 c - a book of Debilitation

   Spells                             Type                      Level
   a - Corona                         Hexes                        1
   b - Slow                           Hexes                        2
   c - Gell's Gravitas                Hexes/Translocation          3
   d - Inner Flame                    Hexes/Fire                   3
   e - Cause Fear                     Hexes                        4
   f - Leda's Liquefaction            Hexes/Earth                  4


   Skills:
 - Level 1.0 Fighting
 + Level 3.6 Crossbows
 - Level 1.5 Dodging
 - Level 1.0 Spellcasting
 - Level 2.6 Hexes


You had 4 spell levels left.
You knew the following spells:

 Your Spells              Type           Power        Failure   Level  Hunger
a - Corona                Hex            #......      12%         1    N/A

Dungeon Overview and Level Annotations

Branches:
Dungeon (4/15)
 Temple: D:4-7

Altars:


Innate Abilities, Weirdness & Mutations

You do not eat or drink.
Your flesh is vulnerable to fire.
You are immune to poison.
Your flesh is cold resistant. (rC+)
You are immune to negative energy. (rN+++)
You are immune to unholy pain and torment.
You can survive without breathing.


Message History

You are too injured to fight recklessly!
Unknown command.
Firing (i - inventory):
d - 34 bolts (quivered)
Press: ? - help, Shift-Dir - straight line, f/p - orc wizard
Aim: an orc wizard, wielding a dagger and wearing a robe (almost dead, fast)
You shoot a bolt. The bolt barely misses the orc wizard.
The bolt hits the orc priest.
The orc priest is severely wounded.
The orc wizard casts a spell at you. You resist with some effort.
The orc wizard hits you with a dagger.
* * * LOW HITPOINT WARNING * * *
Unknown command.
Unknown command.
Firing (i - inventory):
d - 33 bolts (quivered)
Press: ? - help, Shift-Dir - straight line, f/p - orc wizard
Aim: an orc wizard, wielding a dagger and wearing a robe (almost dead, fast)
You shoot a bolt. The bolt hits the orc wizard.
The orc wizard is almost dead.
The orc wizard misses you. The orc wizard hits you with a dagger.
You die...

######
#####....##
#....(....###
#.......(.((.###
###?..######)(@#
#... ##.o# #.o.
##o.# #..# #(.#
#.# #(.# #o #.
#..# #.# #(.# ..
..# #(.# ...
#.## ##..## #...


You could see an orc priest and an orc wizard.

Vanquished Creatures
  An orc priest (D:3)
  An orc wizard (D:4)
  An ooze (D:1)
  2 orcs (D:4)
  A bat (D:1)
  A giant cockroach (D:3)
  A goblin (D:1)
  2 hobgoblins
  2 kobolds (D:1)
  A giant newt (D:1)
13 creatures vanquished.

Notes
Turn   | Place    | Note
-------+----------+-------------------------------------------
     0 | D:1      | 4thArraOfDagon the Mummy Arcane Marksman began the quest for the Orb.
     0 | D:1      | Reached XP level 1. HP: 15/15 MP: 2/2
     4 | D:1      | Reached skill level 2 in Crossbows
    26 | D:1      | Reached XP level 2. HP: 14/21 MP: 3/3
   187 | D:3      | Reached skill level 3 in Crossbows
   187 | D:3      | Reached XP level 3. HP: 17/26 MP: 4/4
   287 | D:4      | Reached XP level 4. HP: 15/32 MP: 5/5
   295 | D:4      | HP: 1/32 [orc wizard/dagger (5)]
   296 | D:4      | Slain by an orc wizard

Vault maps used:
D:1:      dpeg_arrival_ratfight
D:2:      grunt_dithmenos_smoke_and_mirrors, first_bread
D:3:      marbit_many_paths, nemelex_xobeh_ov_fountains_minmay,
          overflow_temple_1_default, old_standard_altar,
          minmay_misc_feat_ornament, trog_hazing_becter, uniq_grinder
D:4:      okawaru_metal_pillars_1_2, tgw_xom, serial_bayou_pond_e,
          yredelemnul_altar_generic

Skill      XL: |  1  2 |
---------------+-------+-----
Crossbows      | 2 3 |  3.6
Fighting       | |  1.0
Dodging        | |  1.5
Spellcasting   | |  1.0
Hexes          | |  2.6

Action                   |  1- 3 |  4- 6 || total
-------------------------+-------+-------++-------
 Fire: Hand crossbow     |    48 |     8 ||    56
Armor: Robe              |     2 |     1 ||     3
Dodge: Dodged            |    12 |     4 ||    16
